 Dungeon Crawl Stone Soup version 0.19.5 (webtiles) character file.

72 vatarom the Gusty (level 4, 0/24 HPs)
             Began as a Tengu Air Elementalist on Mar 10, 2017.
             Slain by a worm (12 damage)
             ... on level 2 of the Dungeon.
             The game lasted 00:05:22 (2782 turns).

vatarom the Gusty (Tengu Air Elementalist)          Turns: 2782, Time: 00:05:22

Health: 0/24       AC:  2    Str:  9    XL:     4   Next: 26%
Magic:  1/8        EV: 12    Int: 16    God:
Gold:   47         SH:  0    Dex: 14    Spells: 3 memorised, 2 levels left

rFire  . . .     SeeInvis .     e - +0 hand axe
rCold  . . .     Gourm    .     a - +0 robe
rNeg   . . .     Faith    .     (no shield)
rPois  .         Spirit   .     (helmet restricted)
rElec  .         Reflect  .     (no cloak)
rCorr  .         Harm     .     (no gloves)
MR     .....                    (boots unavailable)
Stlth  ++........               (no amulet)
                                i - ring of wizardry
                                h - -2 ring of slaying

@: very slightly contaminated
A: beak, talons 3
a: no special abilities


You were on level 2 of the Dungeon.
You were not hungry.

You visited 1 branch of the dungeon, and saw 2 of its levels.

You collected 47 gold pieces.

Inventory:

Hand Weapons
 e - a +0 hand axe (weapon)
Armour
 a - a +0 robe (worn)
Jewellery
 h - a -2 ring of slaying (left hand)
 i - a ring of wizardry (right hand)
Books
 b - a book of Air

   Spells                             Type                      Level
   a - Shock                          Conjuration/Air              1
   b - Swiftness                      Charms/Air                   2
   c - Repel Missiles                 Charms/Air                   2
   d - Static Discharge               Conjuration/Air              3
   e - Lightning Bolt                 Conjuration/Air              5
Comestibles
 c - a bread ration
 f - a beef jerky
 g - 2 meat rations


   Skills:
 - Level 2.1 Dodging
 - Level 2.0 Stealth
 - Level 2.0 Spellcasting
 - Level 1.3 Conjurations
 + Level 6.6 Air Magic


You had 2 spell levels left.
You knew the following spells:

 Your Spells              Type           Power        Failure   Level  Hunger
a - Shock                 Conj/Air       ##..         2%          1    #......
b - Repel Missiles        Chrm/Air       ##....       4%          2    ###....
c - Swiftness             Chrm/Air       ##......     4%          2    ###....


Dungeon Overview and Level Annotations

Branches:
Dungeon (2/15)

Altars:
Dithmenos
Trog
Uskayaw


Innate Abilities, Weirdness & Mutations

You have a beak for a mouth.
You have claws for feet.


Message History

Aiming: Shock
Press: ? - help, Shift-Dir - straight line, f/p - worm
Aim: a worm (severely wounded)
You miscast Shock.
Nothing appears to happen.
Casting: Shock
Confirm with . or Enter, or press ? or * to list all spells.
You don't have enough magic to cast that spell.
Unknown command.
A worm is nearby!
Casting: Shock
Confirm with . or Enter, or press ? or * to list all spells.
You don't have enough magic to cast that spell.
You barely miss the worm. You claw the worm, but do no damage.
The worm is severely wounded.
The worm closely misses you.
You completely miss the worm. Your kick misses the worm.
The worm is severely wounded.
The worm bites you!
Ouch! That really hurt!
You die...

####..r.###...############
...#.._.#y#..............#
.#.#)...###...##.........#
#..##....#w...##.........#
#.###)...w....##.........# ..#
##)......#######..#### ###### .##
####....#######...# #..... .#
#.#######..#....#.## #.....
.####..........#@####..# #.....
.......>......(.w# ##.#####.#..#
.###............######..#......##
..###......................#####
#.###...........)..........#
....#..........#.........###
...........####........#...#
..##.......#....#......###.##
.......##....##...#.........#


You could see a worm.

Vanquished Creatures
  2 adders (D:2)
  4 worms (D:2)
  A dart slug (D:1)
  2 leopard geckos (D:2)
  4 bats (D:2)
  5 goblins
  6 hobgoblins
  2 quokkas (D:2)
  A ball python (D:2)
  2 frilled lizards
  4 kobolds (D:2)
  6 rats
39 creatures vanquished.

Notes
Turn   | Place    | Note
-------+----------+-------------------------------------------
     0 | D:1      | vatarom the Tengu Air Elementalist began the quest for the Orb.
     0 | D:1      | Reached XP level 1. HP: 10/10 MP: 4/4
   591 | D:1      | Reached XP level 2. HP: 15/15 MP: 3/6
  1033 | D:2      | Reached skill level 5 in Air Magic
  1035 | D:2      | Reached XP level 3. HP: 6/19 MP: 1/7
  1350 | D:2      | Learned a level 2 spell: Repel Missiles
  1353 | D:2      | Learned a level 2 spell: Swiftness
  1666 | D:2      | Reached skill level 6 in Air Magic
  1857 | D:2      | Found a hide-covered altar of Uskayaw.
  1974 | D:2      | Reached XP level 4. HP: 24/24 MP: 3/8
  2034 | D:2      | Noticed a moth of wrath
  2037 | D:2      | Found a bloodstained altar of Trog.
  2599 | D:2      | Found a shadowy altar of Dithmenos.
  2782 | D:2      | Slain by a worm

Skill      XL: |  1  2  3 |
---------------+----------+-----
Air Magic      | 5 6 |  6.6
Dodging        | |  2.1
Stealth        | |  2.0
Spellcasting   | |  2.0
Conjurations   | |  1.3

Action                   |  1- 3 |  4- 6 || total
-------------------------+-------+-------++-------
Melee: Unarmed           |     4 |       ||     4
       Peck              |     5 |     1 ||     6
       Kick              |     5 |     3 ||     8
       Hand axe          |    19 |     9 ||    28
 Cast: Shock             |    53 |    33 ||    86
  Use: Potion            |     3 |       ||     3
       Scroll            |     2 |     1 ||     3
 Stab: Sleeping          |     3 |       ||     3
  Eat: Chunk             |     4 |     3 ||     7
Armor: Robe              |     7 |     4 ||    11
Dodge: Dodged            |    31 |     6 ||    37
